 Dungeon Sprint DCSS version bcrawl-1.40.3b (webtiles) character file.

Game seed: 6271404979003921840

11300000 Groucho the Ninja (level 27, -9/174 HPs)
             Began as a Spriggan Rogue on Dec 26, 2023.
             Was the Champion of Makhleb.
             Killed from afar by a large bag of meat (38 damage)
             ... with an exploding inner flame
             ... in the Dungeon (Sprint VIII: "Arena of Blood").
             The game lasted 00:03:08 (113 turns).

Groucho the Ninja (Spriggan Rogue)                   Turns: 113, Time: 00:03:08

Health: -9/174     AC:  6    Str:  7    XL:     27
Magic:  38/55      EV: 48    Int: 14    God:    Makhleb [******]
Gold:   0          SH:  0    Dex: 29    Spells: 80/80 levels left

rFire    . . .     GDR:     52% o - +∞ Axe of Woe
rCold    . . .     SeeInvis +   (shield currently unavailable)
rNeg     . . .     Gourm    .   c - +0 robe
rPois    .         Faith    .   (helmet restricted)
rElec    .         Spirit   .   d - +0 cloak
rCorr    .         Reflect  .   (gloves unavailable)
MR       ++++.     NoTele   +   (boots unavailable)
Stlth    ++++++++++             (no amulet)
HPRegen  0.39/turn              (no ring)
MPRegen  0.34/turn              (no ring)

@: very quick
A: very small, unfitting armour, see invisible, herbivore, speed 3, slow
metabolism 2
a: Minor Destruction, Hew, Major Destruction, Greater Servant of Makhleb,
Renounce Religion


You were in the Dungeon.
You worshipped Makhleb.
Makhleb was exalted by your worship.
You were not hungry.

You visited 1 branch

Inventory:

Hand Weapons
 a - a +2 dagger
 b - a +0 blowgun
 o - the +∞ Axe of Woe (weapon)
   (You found it in the Dungeon)
Missiles
 h - 80 poisoned needles
Armour
 c - a +0 robe (worn)
 d - a +0 cloak (worn)
Jewellery
 p - a +200 ring of slaying
 q - an uncursed ring of protection from fire
Wands
 f - a wand of flame (15)
 g - a wand of charming (15)
Scrolls
 n - a scroll of blinking
Potions
 i - a potion of curing
 j - a potion of heal wounds
 k - a potion of haste
 l - 2 potions of magic
 m - a potion of berserk rage
Comestibles
 e - a ration {!d}


   Skills:
 O Level 27 Fighting
 O Level 27 Short Blades
 O Level 27 Axes
 O Level 27 Throwing
 O Level 27 Armour
 O Level 27 Dodging
 O Level 27 Stealth
 O Level 27 Unarmed Combat
 O Level 27 Spellcasting
 O Level 27 Invocations
 O Level 27 Evocations


You had 80 spell levels left.
You didn't know any spells.
Your spell library was empty.

Dungeon Overview and Level Annotations

Branches:
Dungeon (1/1)

Altars:
Makhleb


Innate Abilities, Weirdness & Mutations

You are very small and have problems with some larger weapons.
You are too small for most types of armour.
You have supernaturally acute eyesight. (SInv)
You are a herbivore.
You cover ground extremely quickly.
You need to consume almost no food.


Message History

You hear a shout! x7
You hear a shout! x2
The large bag of meat is engulfed in blazing flames.
The large bag of meat hits you with a +9 giant spiked club!!!!
Ouch! That really hurt!
* * * LOW HITPOINT WARNING * * *
The large bag of meat closely misses you.
The bag of meat hits you with a +9 war axe!!
* * * LOW HITPOINT WARNING * * *
You hear a shout! x3
Items here: )))))) ====== ††††† No path to travel!
You are too injured to fight recklessly!
You slice the large bag of meat!!
You slaughter the large bag of meat joyfully.
The large bag of meat explodes!
The fiery explosion engulfs the bag of meat!! x2
The fiery explosion engulfs the bag of meat!!!
The fiery explosion engulfs you!!!
You die...

#.....###.
#....#....
#........#
#.o...Mp..#.
#............#....
#.oOo.....#......##
#o☼o.#§............
#§@§.##.......#....
#§☼)○.#...W.#......
#%☼○M..###W........
#.p°..##....#......
#%.W%#....))))#..).
#..%%#...)))°))).).
#......)))))))...##
#...%.......)......
#..................


You could see 2 accurseds, 2 fleshlords, a large bag of meat (inner flame), a
wretched soul (invisible) and 5 bags of meat.

Vanquished Creatures
  A hell beast (D)
  Edmund (D)
  4 greater mummies (D)
  3 great orbs of eyes (D)
  13 vampire knights (D)
  26 ogres (D)
  5 two-headed ogres (D)
  6 liches (D)
  54 orcs (D)
  4 phantoms (D)
  6 skeletal warriors (D)
  6 large abominations (D)
  4 small abominations (D)
  3 crawling corpses (D)
136 creatures vanquished.

Vanquished Creatures (others)
  2 crawling corpses (D)
2 creatures vanquished.

Grand Total: 138 creatures vanquished

Notes
Turn   | Place    | Note
-------+----------+-------------------------------------------
     0 | D        | Found the +∞ Axe of Woe
     0 | D        | Groucho the Spriggan Rogue began the quest for the Orb.
     0 | D        | Reached XP level 1. HP: 10/10 MP: 3/3
     4 | D        | Became a worshipper of Makhleb the Destroyer
     5 | D        | Noticed a bag of meat
     5 | D        | Noticed a bag of meat
     5 | D        | Noticed a meat berserker
     6 | D        | Noticed a meat berserker
     6 | D        | Noticed a bag of meat
     7 | D        | Noticed a bag of meat
     7 | D        | Noticed a bag of meat
     8 | D        | Noticed a bag of meat
     9 | D        | Noticed a meat berserker
    10 | D        | Killed a bag of meat
    11 | D        | Reached XP level 2. HP: 14/14 MP: 5/5
    11 | D        | Reached XP level 3. HP: 18/18 MP: 6/6
    11 | D        | Reached XP level 4. HP: 22/22 MP: 7/7
    11 | D        | Reached XP level 5. HP: 25/25 MP: 8/8
    11 | D        | Reached XP level 6. HP: 30/30 MP: 9/9
    11 | D        | Reached XP level 7. HP: 33/33 MP: 10/10
    11 | D        | Reached XP level 8. HP: 37/37 MP: 11/11
    11 | D        | Reached XP level 9. HP: 41/41 MP: 12/12
    11 | D        | Reached XP level 10. HP: 46/46 MP: 13/13
    11 | D        | Reached XP level 11. HP: 49/49 MP: 14/14
    11 | D        | Killed a bag of meat
    11 | D        | Reached * piety under Makhleb
    11 | D        | Killed a bag of meat
    11 | D        | Killed a meat berserker
    11 | D        | Noticed a bag of meat
    12 | D        | Reached skill level 27 in Dodging
    12 | D        | Reached skill level 27 in Stealth
    12 | D        | Reached XP level 12. HP: 53/53 MP: 15/15
    12 | D        | Reached XP level 13. HP: 57/57 MP: 16/16
    12 | D        | Reached XP level 14. HP: 61/61 MP: 17/17
    12 | D        | Noticed a meat berserker
    12 | D        | Noticed a bag of meat
    12 | D        | Noticed a meat berserker
    13 | D        | Noticed a meat berserker
    14 | D        | Noticed a meat berserker
    14 | D        | Noticed a meat berserker
    15 | D        | Noticed a bag of meat
    15 | D        | Noticed a meat berserker
    15 | D        | Noticed a bag of meat
    15 | D        | Noticed a bag of meat
    15 | D        | Noticed a bag of meat
    16 | D        | Killed a meat berserker
    16 | D        | Reached ** piety under Makhleb
    16 | D        | Noticed a bag of meat
    17 | D        | Reached skill level 27 in Axes
    17 | D        | Reached XP level 15. HP: 71/71 MP: 17/25
    17 | D        | Killed a meat berserker
    17 | D        | Killed a meat berserker
    17 | D        | Noticed a meat berserker
    18 | D        | Reached XP level 16. HP: 98/98 MP: 17/43
    18 | D        | Noticed a meat berserker
    18 | D        | Noticed a meat berserker
    18 | D        | Noticed a meat berserker
    18 | D        | Noticed a destroyer
    18 | D        | Noticed a large bag of meat
    19 | D        | Killed a meat berserker
    19 | D        | Reached *** piety under Makhleb
    20 | D        | Reached skill level 27 in Spellcasting
    20 | D        | Reached XP level 17. HP: 112/112 MP: 17/49
    20 | D        | Killed a meat berserker
    20 | D        | Killed a meat berserker
    20 | D        | Reached **** piety under Makhleb
    21 | D        | Reached skill level 27 in Fighting
    21 | D        | Reached XP level 18. HP: 127/127 MP: 17/50
    21 | D        | Noticed a meat berserker
    22 | D        | Noticed a large bag of meat
    23 | D        | Noticed a meat berserker
    23 | D        | Killed a meat berserker
    23 | D        | Killed a meat berserker
    24 | D        | Reached skill level 10 in Unarmed Combat
    24 | D        | Reached skill level 15 in Evocations
    24 | D        | Reached XP level 19. HP: 132/132 MP: 18/51
    24 | D        | Killed a meat berserker
    24 | D        | Reached ***** piety under Makhleb
    24 | D        | Noticed a destroyer
    25 | D        | Reached XP level 20. HP: 137/137 MP: 18/52
    25 | D        | Killed a destroyer
    25 | D        | Killed a meat berserker
    26 | D        | Reached skill level 27 in Short Blades
    26 | D        | Reached XP level 21. HP: 142/142 MP: 18/53
    26 | D        | Noticed a destroyer
    26 | D        | Reached ****** piety under Makhleb
    27 | D        | Reached skill level 27 in Evocations
    28 | D        | Reached XP level 22. HP: 148/148 MP: 19/54
    28 | D        | Killed a large bag of meat
    28 | D        | Noticed a destroyer
    29 | D        | Reached skill level 27 in Throwing
    29 | D        | Reached skill level 27 in Armour
    29 | D        | Reached skill level 27 in Unarmed Combat
    29 | D        | Reached skill level 27 in Invocations
    29 | D        | Reached XP level 23. HP: 138/153 MP: 19/55
    29 | D        | Noticed a destroyer
    31 | D        | Reached XP level 24. HP: 149/158 MP: 19/55
    31 | D        | Killed a large bag of meat
    31 | D        | Killed a destroyer
    31 | D        | Killed a destroyer
    31 | D        | Noticed a destroyer
    32 | D        | Reached XP level 25. HP: 148/163 MP: 20/55
    33 | D        | Noticed a destroyer
    34 | D        | Killed a destroyer
    35 | D        | Killed a destroyer
    36 | D        | Reached XP level 26. HP: 154/169 MP: 21/55
    37 | D        | Killed a destroyer
    38 | D        | Killed a destroyer
    38 | D        | Noticed a large bag of meat
    39 | D        | Reached XP level 27. HP: 165/174 MP: 21/55
    44 | D        | Noticed a destroyer
    46 | D        | Noticed an accursed
    47 | D        | Noticed a tyrant
    50 | D        | Killed a large bag of meat
    50 | D        | Noticed a destroyer
    51 | D        | Noticed an accursed
    51 | D        | Noticed a destroyer
    51 | D        | HP: 2/174 [destroyer/+9 great sword of slicing (18)]
    52 | D        | Killed a destroyer
    53 | D        | Noticed a tyrant
    54 | D        | Noticed a destroyer
    55 | D        | Killed a destroyer
    56 | D        | Noticed a large bag of meat
    60 | D        | Killed a destroyer
    63 | D        | Killed a destroyer
    65 | D        | Killed an accursed
    67 | D        | Noticed a tyrant
    68 | D        | Killed a tyrant
    72 | D        | Killed an accursed
    72 | D        | Killed a tyrant
    74 | D        | Noticed a meat beast
    76 | D        | Noticed a tyrant
    76 | D        | Noticed a tyrant
    77 | D        | Noticed a destroyer
    80 | D        | Noticed an accursed
    82 | D        | Noticed a large bag of meat
    85 | D        | Killed a destroyer
    88 | D        | Noticed The Defiler
    89 | D        | Killed a tyrant
    91 | D        | Killed The Defiler
    92 | D        | Killed a large bag of meat
    95 | D        | Noticed a tyrant
    95 | D        | Noticed an accursed
    97 | D        | Killed a tyrant
    98 | D        | Killed a meat beast
    98 | D        | Noticed an accursed
   100 | D        | Noticed a destroyer
   101 | D        | Killed a destroyer
   102 | D        | Killed a large bag of meat
   103 | D        | Killed a tyrant
   103 | D        | Noticed a large bag of meat
   104 | D        | Killed an accursed
   104 | D        | Noticed a large bag of meat
   105 | D        | Noticed an accursed
   106 | D        | Killed a tyrant
   109 | D        | Noticed a fleshlord
   109 | D        | Noticed a fleshlord
   110 | D        | Killed an accursed
   113 | D        | Killed a large bag of meat
   113 | D        | Killed from afar by a large bag of meat

Skill      XL: |  1  2  3  4  5  6  7  8  9 10 11 12 13 14 15 16 17 18 19 20 21 22 |
---------------+-------------------------------------------------------------------+-----
Axes           | 16 23 27 | 27.0
Dodging        | 19 27 | 27.0
Stealth        | 21 27 | 27.0
Fighting       | 4 17 22 27 | 27.0
Spellcasting   | 6 22 27 | 27.0
Short Blades   | 20 23 26 27 | 27.0
Throwing       | 12 17 21 26 27 | 27.0
Armour         | 9 13 17 21 27 | 27.0
Unarmed Combat | 10 14 18 23 27 | 27.0
Invocations    | 12 17 21 26 27 | 27.0
Evocations     | 15 21 26 27 | 27.0

Action                   |  1- 3 |  4- 6 |  7- 9 | 10-12 | 13-15 | 16-18 | 19-21 | 22-24 | 25-27 || total
-------------------------+-------+-------+-------+-------+-------+-------+-------+-------+-------++-------
Melee: Broad axe         |     1 |       |       |     1 |     2 |     3 |     4 |     4 |    64 ||    79
 Stab: Distracted        |       |       |       |       |       |       |       |       |     1 ||     1
Dodge: Dodged            |     1 |       |       |       |       |     1 |       |       |     5 ||     7
